 Dungeon Crawl Stone Soup version 0.31-a0-204-g7da18cac08 (webtiles) character file.

Game seed: 3941676405183196496

27 rabbitsville the Conjurer (level 3, -1/26 HPs)
             Began as a Hill Orc Conjurer on June 27, 2023.
             Slain by a gnoll
             ... wielding a +0 whip
              (8 damage)
             ... on level 1 of the Dungeon.
             The game lasted 00:02:31 (782 turns).

rabbitsville the Conjurer (Hill Orc Conjurer)        Turns: 782, Time: 00:02:32

Health: -1/26      AC:  4    Str:  9    XL:     3   Next: 10%
Magic:  3/5        EV: 12    Int: 20    God:
Gold:   56         SH:  0    Dex:  9    Spells: 4/5 levels left

rFire   . . .        f - +0 sling
rCold   . . .        (no shield)
rNeg    . . .        a - +0 robe
rPois   .            (no helmet)
rElec   .            (no cloak)
rCorr   .            e - +0 pair of gloves
SInv    .            d - +0 pair of boots
Will    .....        j - amulet of magic regeneration
Stlth   ++           (no ring)
HPRegen 0.24/turn    (no ring)
MPRegen 0.49/turn

%: no passive effects
@: invisible
A: no striking features
a: no special abilities


You were on level 1 of the Dungeon.
You visited 1 branch of the dungeon, and saw 1 of its levels.

You collected 56 gold pieces.

Inventory:

Hand Weapons
 f - a +0 sling (weapon)
Armour
 a - a +0 robe (worn)
 d - a +0 pair of boots (worn)
 e - a +0 pair of gloves (worn)
Jewellery
 j - an amulet of magic regeneration (around neck)
Scrolls
 h - a scroll of brand weapon {unknown}
 i - a scroll of acquirement {unknown}
Potions
 b - a potion of magic
 g - a potion of might {unknown}
 k - a potion of haste {unknown}


   Skills:
 - Level 1.9 Dodging
 - Level 2.0 Stealth
 + Level 1.9 Spellcasting
 + Level 4.2 Conjurations


You had 4 spell levels left.
You knew the following spells:

 Your Spells              Type           Power      Damage    Failure   Level
a - Magic Dart            Conj           72%        1d6       2%          1

Your spell library contained the following spells:

 Spells                   Type           Power      Damage    Failure   Level
 Searing Ray              Conj           36%        2d5       4%          2
 Dazzling Flash           Conj/Hex       20%        N/A       21%         3
 Fulminant Prism          Conj/Hex       5%         3d6       54%         4
 Iskenderun's Mystic Bla  Conj/Tloc      10%        2d4       54%         4


Dungeon Overview and Level Annotations

Branches:
Dungeon (1/15)

Altars:


Message History

You are very lightly contaminated with residual magic.
Nothing appears to happen.
Your magical contamination has completely faded away.
The magic dart hits the gnoll but does no damage.
The gnoll is moderately wounded.
You miscast Magic Dart.
You are very lightly contaminated with residual magic.
Nothing appears to happen.
The gnoll hits you but does no damage.
The magic dart hits the gnoll but does no damage.
The gnoll is moderately wounded.
The gnoll closely misses you.
The magic dart hits the gnoll but does no damage.
The gnoll is moderately wounded.
The gnoll hits you with a +0 whip.
The magic dart hits the gnoll but does no damage.
The gnoll is moderately wounded.
The gnoll hits you with a +0 whip.
The magic dart hits the gnoll.
The gnoll is moderately wounded.
The gnoll barely misses you.
The magic dart hits the gnoll but does no damage.
The gnoll is moderately wounded.
The gnoll hits you with a +0 whip.
The magic dart hits the gnoll but does no damage.
The gnoll is moderately wounded.
The gnoll hits you with a +0 whip.
Your magical contamination has completely faded away.
You shoot a sling bullet.
The sling bullet hits the gnoll but does no damage.
The gnoll is moderately wounded.
The gnoll hits you with a +0 whip.
* * * LOW HITPOINT WARNING * * *
You are too injured to fight recklessly!
The gnoll attacks as you move away! The gnoll misses you.
Okay, then.
Okay, then.
It was a potion of invisibility.
You fade into invisibility!
The gnoll hits you with a +0 whip!
You die...

##.##....####...........####....
#...........#############.......
...#..######.# #.# #...#.#####†.
.....# #.# #.###...#.# ##.
....## #.# ##.....#.#.# ## ...#
##.###...####.#.## # .##
#...#.....##.....######
#...#........[....#....
#.....@g............###
#....####..........##
#....###...........#
#........#.........#
#...######.........####
########...# ###.............
#........#### #...........####
#...........###.#.........#
#.......###.....#.........#


You could see a gnoll (unable to see you).

Vanquished Creatures
  A dart slug (D:1)
  3 bats (D:1)
  An endoplasm (D:1)
  A giant cockroach (D:1)
  3 goblins (D:1)
  3 hobgoblins (D:1)
  A jackal (D:1)
  2 quokkas (D:1)
  2 ball pythons (D:1)
  2 frilled lizards (D:1)
  A kobold (D:1)
  3 rats (D:1)
23 creatures vanquished.

Notes
Turn   | Place    | Note
-------+----------+-------------------------------------------
     0 | D:1      | rabbitsville the Hill Orc Conjurer began the quest for the
                  | Orb.
     0 | D:1      | Reached XP level 1. HP: 14/14 MP: 3/3
   370 | D:1      | Reached XP level 2. HP: 20/20 MP: 2/4
   715 | D:1      | Reached XP level 3. HP: 26/26 MP: 3/5
   782 | D:1      | Slain by a gnoll

Illustrated notes

Levels and vault maps discovered:
D:1:      dpeg_arrival_circle_labyrinth_c, layout_rooms, minmay_cut_off

Skill      XL: |  1  2 |
---------------+-------+-----
Stealth        | 2 |  2.0
Dodging        | |  1.9
Spellcasting   | |  1.9
Conjurations   | |  4.2

Action                     || total
---------------------------++-------
   Fire: Sling             ||    11
   Cast: Magic Dart        ||    48
    Use: Potion            ||     1
 Armour: Robe              ||     5
  Dodge: Dodged            ||    13

Table legend: (Time is in decaauts)
 A = Elapsed time spent in this place.
 B = Non-inter-level travel time spent in this place.
 C = Inter-level travel time spent in this place.
 D = Time resting spent in this place.
 E = Time spent auto-exploring this place.
 F = Levels seen in this place.
 G = Mean time per level.
                   A        B        C        D        E       F      G
               +--------+--------+--------+--------+--------+-----+--------+
         Total |    785 |    785 |      0 |     59 |    524 |   1 |  785.0 |
       Dungeon |    785 |    785 |      0 |     59 |    524 |   1 |  785.0 |
               +--------+--------+--------+--------+--------+-----+--------+

Top non-repeatable levels by time:
     D:1: 785 daAuts
